 Dungeon Crawl Stone Soup version 0.29.0-4-gdea44cf6ec (webtiles) character file.

Game seed: 5321139513966808669

5704 qw the Cleaver (level 10, -3/79 HPs)
             Began as a Demonspawn Cinder Acolyte on Sept 9, 2022.
             Was a Believer of Ignis.
             Shot with an arrow by a centaur (5 damage)
             ... on level 9 of the Dungeon.
             The game lasted 00:03:25 (9788 turns).

qw the Cleaver (Demonspawn Cinder Acolyte)          Turns: 9788, Time: 00:03:25

Health: -3/79      AC: 33    Str: 18    XL:     10   Next: 48%
Magic:  0/11       EV:  5    Int: 17    God:    Ignis [**....]
Gold:   1229       SH:  0    Dex:  8    Spells: 11/11 levels left

rFire   + + .      SeeInvis .   Y - +2 broad axe
rCold   + . .      Faith    .   (no shield)
rNeg    + + .      Spirit   +   b - +1 gold dragon scales
rPois   +          Reflect  .   n - +2 helmet
rElec   .          Harm     .   p - +2 cloak
rCorr   .          Rampage  .   e - +0 pair of gloves
Will    .....                   l - +0 pair of boots
Stlth   ..........              j - amulet of guardian spirit
HPRegen 0.23/turn               m - ring of positive energy
MPRegen 0.12/turn               o - ring of positive energy

@: fiery-armoured
A: repulsion field 2, foul stench 1, spiny 1, demonic touch 2
a: Renounce Religion, Fiery Armour, Foxfire Swarm, Rising Flame


You were on level 9 of the Dungeon.
You worshipped Ignis.
Ignis was pleased with you.
You visited 1 branch of the dungeon, and saw 9 of its levels.

You collected 1229 gold pieces.


Innate Abilities, Weirdness & Mutations

You are surrounded by a moderate repulsion field. (EV +3)
You may rarely emit foul miasma when damaged in melee.
You are partially covered in sharp spines.
Your touch may inflict irresistible damage on your foes.


   Skills:
 - Level 7.2 Fighting
 + Level 10.8 Axes
 - Level 3.3 Throwing
 - Level 7.0 Armour
 - Level 1.0 Dodging
 - Level 1.0 Spellcasting
 - Level 2.6 Fire Magic


You had 11 spell levels left.
You didn't know any spells.
Your spell library contained the following spells:

 Spells                   Type           Power      Damage    Failure   Level
 Scorch                   Fire           18%        2d5       100%        2

Inventory:

Hand Weapons
 h - a -1 hand axe of flaming
 Y - a +2 broad axe (weapon)
Missiles
 i - 10 boomerangs (quivered)
Armour
 b - +1 gold dragon scales (worn)
 e - a +0 pair of gloves (worn)
 l - a +0 pair of boots (worn)
 n - a +2 helmet (worn)
 p - a +2 cloak (worn)
Jewellery
 f - a ring of poison resistance
 j - an amulet of guardian spirit (around neck)
 m - a ring of positive energy (left hand)
 o - a ring of positive energy (right hand)
Scrolls
 c - a scroll of teleportation
 k - 2 scrolls of identify
Potions
 a - a potion of mutation
 d - 2 potions of haste
 g - 2 potions of curing
 s - a potion of might
 t - a potion of heal wounds {unknown}

Dungeon Overview and Level Annotations

Branches:
Dungeon (9/15)             Temple (0/1) D:7
   Lair: D:8-11         Orc: D:9-12

Altars:
Dithmenos
Hepliaklqana
Sif Muna

Annotations:
D:7 1 runed translucent door, Crazy Yiuf
D:8 3 runed translucent doors, qw's ghost, novice FoCA


Message History

Space warps around you.
The gnoll sergeant is struck by your spines.
The gnoll sergeant hits you with a +0 spear of distortion!
Space warps horribly around you!!
The gnoll sergeant is burned by your cloak of flames.
The gnoll sergeant is lightly wounded.
The gnoll sergeant blocks your attack.
The gnoll sergeant is lightly wounded.
The gnoll sergeant is struck by your spines.
The gnoll sergeant hits you but does no damage.
Space warps around you.
The gnoll sergeant is burned by your cloak of flames.
The gnoll sergeant is heavily wounded.
The gnoll sergeant hits you with a +0 spear of distortion.
Space warps around you.
The gnoll sergeant is burned by your cloak of flames.
The gnoll sergeant is severely wounded.
You hit the gnoll sergeant.
The gnoll sergeant is almost dead.
The gnoll sergeant hits you but does no damage.
Space warps horribly around you!
You completely miss the gnoll sergeant. Your touch misses the gnoll sergeant.
The gnoll sergeant is almost dead.
The gnoll sergeant hits you but does no damage.
Space warps around you.
9784 ||| READING 2 scrolls of teleportation.
As you read the scroll of teleportation, it crumbles to dust.
You feel strangely unstable.
The gnoll sergeant hits you but does no damage.
Space warps horribly around you!
The gnoll sergeant is burned by your cloak of flames.
You kill the gnoll sergeant!
You start resting.
Your surroundings suddenly seem different.
A centaur comes into view.
Found a scroll labelled EBEEQA WEI and a scroll of immolation.
The centaur shouts!
The centaur wields a +0 shortbow.
The centaur shoots an arrow.
The arrow hits you.
You die...

#..# #..#
#..# #..# #
#..# #.#.#
#..#
.?...?#..##.#
#..@....#
..c...#.#####
..... ..#
#### ####


You could see a centaur.

Vanquished Creatures
  A hornet (D:9)
  Prince Ribbit (D:8)
  7 yaks
  A wyvern (D:9)
  A steam dragon (D:8)
  Menkaure (D:7)
  Duvessa (D:6)
  A water moccasin (D:7)
  An ice beast (D:7)
  2 sky beasts
  3 black bears
  2 ogres
  5 centaurs
  A phantom (D:5)
  A kobold brigand (D:8)
  2 bullfrogs (D:6)
  A gnoll sergeant (D:9)
  3 scorpions
  3 necrophages
  Dowan (D:6)
  8 wights
  6 killer bees (D:8)
  A howler monkey (D:7)
  A jelly (D:6)
  5 hounds
  6 orc priests
  A gnoll bouda (D:6)
  Terence (D:3)
  3 iguanas
  Natasha (thrice) (D:3)
  4 orc wizards
  Robin (D:3)
  23 gnolls
  8 adders
  A shadow imp (D:5)
  4 white imps
  3 ufetubi (D:6)
  A worm (D:2)
  2 dart slugs
  19 orcs
  5 endoplasms
  11 giant cockroaches
  32 hobgoblins
  16 kobolds
  3 quokkas
  7 ball pythons
  A bat (D:1)
  8 frilled lizards
  41 goblins
  6 rats
270 creatures vanquished.

Notes
Turn   | Place    | Note
-------+----------+-------------------------------------------
     0 | D:1      | qw the Demonspawn Cinder Acolyte began the quest for the
                  | Orb.
     0 | D:1      | Reached XP level 1. HP: 18/18 MP: 2/2
     0 | D:1      | 0 ||| qw: Version: 0.1-a-113-g051387a
     0 | D:1      | 0 ||| qw: Game counter: 7185
     0 | D:1      | 0 ||| qw: Always use a shield: true
     0 | D:1      | 0 ||| qw: God list: Okawaru
     0 | D:1      | 0 ||| qw: Allow faded altars: false
     0 | D:1      | 0 ||| qw: Do Orc after D:15 true
     0 | D:1      | 0 ||| qw: Do second Lair branch before Depths: true
     0 | D:1      | 0 ||| qw: Lair rune preference: random
     0 | D:1      | 0 ||| qw: Plans: Normal
     0 | D:1      | 0 ||| PLANNING D:1-11
    21 | D:1      | 21 ||| INVOKING Fiery Armour.
   225 | D:1      | Reached skill level 3 in Axes
   339 | D:1      | Gained mutation: You are surrounded by a mild repulsion
                  | field. (EV +2) [demonic ancestry]
   339 | D:1      | Reached XP level 2. HP: 24/24 MP: 3/3
   675 | D:1      | 675 ||| Stepping ~*~*~tactically~*~*~ (stealth).
   676 | D:1      | 676 ||| Stepping ~*~*~tactically~*~*~ (stealth).
   680 | D:1      | 680 ||| Stepping ~*~*~tactically~*~*~ (stealth).
   951 | D:1      | Reached XP level 3. HP: 28/29 MP: 4/4
  1203 | D:1      | 1203 ||| Stepping ~*~*~tactically~*~*~ (stealth).
  1232 | D:1      | Reached skill level 4 in Axes
  1487 | D:1      | 1487 ||| UPGRADING to +0 pair of gloves.
  1492 | D:1      | 1492 ||| READING scroll labelled NUPNUSTR DIUDGH.
  1493 | D:1      | 1493 ||| READING scroll labelled DARUTR ZIMO.
  1494 | D:1      | 1494 ||| READING scroll labelled HUANET ZIOKK.
  1494 | D:1      | Identified a scroll of acquirement
  1494 | D:1      | 1494 ||| ACQUIRING 785 gold pieces
  1494 | D:1      | Acquired 785 gold pieces
  1496 | D:1      | 1496 ||| READING scroll labelled MESUIM IPLUNKI.
  1497 | D:1      | 1497 ||| DRINKING 2 yellow potions.
  1503 | D:1      | 1503 ||| Stepping ~*~*~tactically~*~*~ (stealth).
  2102 | D:2      | 2102 ||| Stepping ~*~*~tactically~*~*~ (hiding).
  2209 | D:2      | 2209 ||| Stepping ~*~*~tactically~*~*~ (hiding).
  2281 | D:2      | Reached skill level 1 in Dodging
  2586 | D:2      | 2586 ||| FLEEEEING.
  2587 | D:2      | 2587 ||| FLEEEEING.
  2588 | D:2      | 2588 ||| FLEEEEING.
  2589 | D:2      | 2589 ||| FLEEEEING.
  2590 | D:2      | 2590 ||| FLEEEEING.
  2591 | D:2      | 2591 ||| FLEEEEING.
  2592 | D:2      | 2592 ||| FLEEEEING.
  2593 | D:2      | 2593 ||| FLEEEEING.
  2595 | D:2      | 2595 ||| FLEEEEING.
  2596 | D:2      | 2596 ||| STAIRDANCE
  2620 | D:1      | 2620 ||| UPGRADING to +0 chain mail.
  2630 | D:1      | 2630 ||| DROPPING +0 robe.
  2631 | D:1      | 2631 ||| READING scroll labelled ISHACH UGUEFE.
  2632 | D:1      | 2632 ||| READING scroll labelled HEDGHA NEGOI.
  2633 | D:1      | 2633 ||| DRINKING 2 emerald potions.
  2634 | D:1      | 2634 ||| DROPPING potion of attraction.
  2638 | D:2      | Gained mutation: You are partially covered in sharp spines.
                  | [demonic ancestry]
  2638 | D:2      | Reached XP level 4. HP: 35/35 MP: 5/5
  2823 | D:2      | 2823 ||| UPGRADING to +0 gold dragon scales.
  2833 | D:2      | 2833 ||| DROPPING +0 chain mail.
  2860 | D:3      | Found a faded altar of an unknown god.
  2892 | D:3      | Reached skill level 1 in Armour
  2926 | D:3      | Noticed Terence
  2927 | D:3      | 2927 ||| Stepping ~*~*~tactically~*~*~ (stealth).
  2928 | D:3      | 2928 ||| Stepping ~*~*~tactically~*~*~ (stealth).
  2939 | D:3      | Killed Terence
  2956 | D:3      | 2956 ||| FLEEEEING.
  2957 | D:3      | 2957 ||| FLEEEEING.
  2959 | D:3      | 2959 ||| FLEEEEING.
  2960 | D:3      | 2960 ||| FLEEEEING.
  2962 | D:3      | 2962 ||| STAIRDANCE
  3019 | D:2      | 3019 ||| DROPPING orb of mayhem.
  3020 | D:2      | 3020 ||| DRINKING 2 coppery potions.
  3121 | D:2      | 3121 ||| DROPPING potion of ambrosia.
  3228 | D:3      | Noticed Natasha
  3234 | D:3      | 3234 ||| INVOKING Fiery Armour.
  3237 | D:3      | Killed Natasha
  3238 | D:3      | Gained mutation: You may rarely emit foul miasma when
                  | damaged in melee. [demonic ancestry]
  3238 | D:3      | Reached XP level 5. HP: 21/41 MP: 6/6
  3424 | D:3      | Noticed Natasha
  3425 | D:3      | 3425 ||| Stepping ~*~*~tactically~*~*~ (hiding).
  3433 | D:3      | Killed Natasha
  3566 | D:3      | Found a shadowy altar of Dithmenos.
  3743 | D:3      | Noticed Natasha
  3744 | D:3      | 3744 ||| Stepping ~*~*~tactically~*~*~ (hiding).
  3757 | D:3      | Killed Natasha
  3758 | D:3      | Reached skill level 5 in Axes
  3762 | D:3      | Noticed Robin
  3763 | D:3      | 3763 ||| Stepping ~*~*~tactically~*~*~ (stealth).
  3784 | D:3      | 3784 ||| Stepping ~*~*~tactically~*~*~ (stealth).
  3791 | D:3      | 3791 ||| Stepping ~*~*~tactically~*~*~ (stealth).
  3798 | D:3      | 3798 ||| Stepping ~*~*~tactically~*~*~ (hiding).
  3803 | D:3      | 3803 ||| Stepping ~*~*~tactically~*~*~ (hiding).
  3820 | D:3      | Killed Robin
  4004 | D:3      | 4004 ||| UPGRADING to +0 pair of boots.
  4009 | D:3      | 4009 ||| UPGRADING to +2 helmet.
  4014 | D:3      | 4014 ||| UPGRADING to ring of positive energy.
  4015 | D:3      | 4015 ||| UPGRADING to ring of positive energy.
  4016 | D:3      | 4016 ||| READING scroll labelled NIOGEFUUGE.
  4019 | D:3      | 4019 ||| READING scroll labelled LOGA XOJIQAOTH.
  4120 | D:3      | 4120 ||| READING scroll labelled GIMNIAROCK.
  4234 | D:4      | 4234 ||| Stepping ~*~*~tactically~*~*~ (stealth).
  4238 | D:4      | Reached skill level 3 in Armour
  4238 | D:4      | Reached XP level 6. HP: 47/47 MP: 7/7
  4238 | D:4      | 4238 ||| Stepping ~*~*~tactically~*~*~ (stealth).
  4241 | D:4      | 4241 ||| Stepping ~*~*~tactically~*~*~ (stealth).
  4246 | D:4      | 4246 ||| Stepping ~*~*~tactically~*~*~ (stealth).
  4303 | D:4      | Reached skill level 6 in Axes
  4403 | D:4      | 4403 ||| Stepping ~*~*~tactically~*~*~ (hiding).
  4410 | D:4      | Gained mutation: You are surrounded by a moderate repulsion
                  | field. (EV +3) [demonic ancestry]
  4410 | D:4      | Reached XP level 7. HP: 49/52 MP: 8/8
  4533 | D:4      | 4533 ||| Stepping ~*~*~tactically~*~*~ (stealth).
  4535 | D:4      | 4535 ||| Stepping ~*~*~tactically~*~*~ (stealth).
  4539 | D:4      | 4539 ||| Stepping ~*~*~tactically~*~*~ (stealth).
  4542 | D:4      | 4542 ||| Stepping ~*~*~tactically~*~*~ (stealth).
  4552 | D:4      | 4552 ||| SWAPPING to +0 war axe.
  5283 | D:4      | 5283 ||| INVOKING Fiery Armour.
  5286 | D:4      | Reached skill level 1 in Throwing
  5343 | D:4      | 5343 ||| Stepping ~*~*~tactically~*~*~ (hiding).
  5386 | D:4      | 5386 ||| Stepping ~*~*~tactically~*~*~ (hiding).
  5513 | D:4      | 5513 ||| Stepping ~*~*~tactically~*~*~ (hiding).
  5639 | D:4      | 5639 ||| INVOKING Fiery Armour.
  5864 | D:4      | 5864 ||| UPGRADING to +0 cloak.
  5869 | D:4      | 5869 ||| UPGRADING to +2 cloak.
  5879 | D:4      | 5879 ||| DROPPING +0 cloak.
  5880 | D:4      | 5880 ||| READING 2 scrolls labelled HIOHIG GATIRAZAQ.
  5881 | D:4      | 5881 ||| READING 2 scrolls of identify.
  5881 | D:4      | 5881 ||| IDENTIFYING fuming puce potion
  5882 | D:4      | 5882 ||| DROPPING scroll of poison.
  5912 | D:5      | Entered Level 5 of the Dungeon
  6004 | D:5      | 6004 ||| Stepping ~*~*~tactically~*~*~ (stealth).
  6005 | D:5      | 6005 ||| Stepping ~*~*~tactically~*~*~ (stealth).
  6383 | D:5      | Gained mutation: Your touch may inflict minor irresistible
                  | damage on your foes. [demonic ancestry]
  6383 | D:5      | Reached XP level 8. HP: 57/61 MP: 9/9
  6437 | D:5      | Reached skill level 7 in Axes
  6511 | D:5      | 6511 ||| Stepping ~*~*~tactically~*~*~ (stealth).
  6512 | D:5      | 6512 ||| Stepping ~*~*~tactically~*~*~ (stealth).
  6549 | D:5      | 6549 ||| Stepping ~*~*~tactically~*~*~ (hiding).
  6610 | D:5      | 6610 ||| Stepping ~*~*~tactically~*~*~ (hiding).
  6614 | D:5      | 6614 ||| INVOKING Fiery Armour.
  6980 | D:5      | 6980 ||| READING 3 scrolls labelled WIEQIS MYUMM.
  6981 | D:5      | 6981 ||| READING scroll labelled GOIQAPU MEZIXOY.
  6982 | D:5      | 6982 ||| READING 3 scrolls of identify.
  6982 | D:5      | 6982 ||| IDENTIFYING fuming inky potion
  6983 | D:5      | 6983 ||| READING 2 scrolls of identify.
  6983 | D:5      | 6983 ||| IDENTIFYING fuming cyan potion
  6984 | D:5      | 6984 ||| DROPPING potion of flight.
  6985 | D:5      | 6985 ||| DROPPING potion of magic.
  6986 | D:5      | 6986 ||| DROPPING 2 scrolls of magic mapping.
  7058 | D:6      | 7058 ||| Stepping ~*~*~tactically~*~*~ (stealth).
  7061 | D:6      | 7061 ||| Stepping ~*~*~tactically~*~*~ (hiding).
  7062 | D:6      | 7062 ||| Stepping ~*~*~tactically~*~*~ (hiding).
  7101 | D:6      | 7101 ||| Stepping ~*~*~tactically~*~*~ (stealth).
  7104 | D:6      | 7104 ||| Stepping ~*~*~tactically~*~*~ (stealth).
  7110 | D:6      | 7110 ||| Stepping ~*~*~tactically~*~*~ (stealth).
  7111 | D:6      | 7111 ||| Stepping ~*~*~tactically~*~*~ (stealth).
  7112 | D:6      | 7112 ||| Stepping ~*~*~tactically~*~*~ (hiding).
  7125 | D:6      | Reached skill level 8 in Axes
  7400 | D:6      | 7400 ||| Stepping ~*~*~tactically~*~*~ (stealth).
  7436 | D:6      | Noticed Dowan
  7437 | D:6      | 7437 ||| Stepping ~*~*~tactically~*~*~ (hiding).
  7438 | D:6      | Noticed Duvessa
  7439 | D:6      | 7439 ||| INVOKING Fiery Armour.
  7445 | D:6      | Killed Duvessa
  7446 | D:6      | Reached XP level 9. HP: 60/68 MP: 10/10
  7454 | D:6      | Killed Dowan
  7681 | D:6      | 7681 ||| READING scroll labelled RANKIQ ORRIDU.
  7717 | D:7      | Noticed Menkaure
  7718 | D:7      | 7718 ||| Stepping ~*~*~tactically~*~*~ (hiding).
  7719 | D:7      | 7719 ||| Stepping ~*~*~tactically~*~*~ (hiding).
  7729 | D:7      | 7729 ||| INVOKING Fiery Armour.
  7731 | D:7      | Killed Menkaure
  7732 | D:7      | Reached skill level 9 in Axes
  7791 | D:7      | 7791 ||| FLEEEEING.
  7794 | D:7      | 7794 ||| FLEEEEING.
  7795 | D:7      | 7795 ||| FLEEEEING.
  7796 | D:7      | 7796 ||| FLEEEEING.
  7797 | D:7      | 7797 ||| FLEEEEING.
  7798 | D:7      | 7798 ||| STAIRDANCE
  7941 | D:7      | 7941 ||| STAIRDANCE
  8197 | D:7      | Reached skill level 6 in Armour
  8246 | D:7      | Identified the +8 long sword of Mayhem {vorpal, Dex+4}
  8255 | D:7      | 8255 ||| Stepping ~*~*~tactically~*~*~ (hiding).
  8273 | D:7      | Reached skill level 6 in Fighting
  8294 | D:7      | 8294 ||| READING scroll of enchant armour.
  8294 | D:7      | 8294 ||| ENCHANTING +0 gold dragon scales.
  8309 | D:7      | 8309 ||| Stepping ~*~*~tactically~*~*~ (hiding).
  8319 | D:7      | 8319 ||| Stepping ~*~*~tactically~*~*~ (stealth).
  8365 | D:7      | 8365 ||| SWAPPING to +0 broad axe.
  8370 | D:7      | 8370 ||| DROPPING +0 war axe.
  8373 | D:7      | Found a staircase to the Ecumenical Temple.
  8702 | D:7      | Found a runed translucent door.
  8703 | D:7      | Noticed Crazy Yiuf
  8706 | D:7      | 8706 ||| READING scroll labelled FAURIT QASYQA.
  8707 | D:7      | 8707 ||| READING 3 scrolls of identify.
  8707 | D:7      | 8707 ||| IDENTIFYING metallic blue potion
  8708 | D:7      | 8708 ||| READING 2 scrolls of identify.
  8708 | D:7      | 8708 ||| IDENTIFYING bubbling purple potion
  8709 | D:7      | 8709 ||| DROPPING potion of brilliance.
  8759 | D:8      | 8759 ||| Stepping ~*~*~tactically~*~*~ (stealth).
  8763 | D:8      | 8763 ||| Stepping ~*~*~tactically~*~*~ (stealth).
  8773 | D:8      | Reached skill level 10 in Axes
  8999 | D:8      | Found a runed translucent gate.
  8999 | D:8      | Noticed qw's ghost (novice FoCA)
  9000 | D:8      | Found a runed translucent gate.
  9001 | D:8      | Found a runed translucent gate.
  9015 | D:8      | 9015 ||| Stepping ~*~*~tactically~*~*~ (stealth).
  9018 | D:8      | 9018 ||| Stepping ~*~*~tactically~*~*~ (hiding).
  9134 | D:8      | Gained mutation: Your touch may inflict irresistible damage
                  | on your foes. [demonic ancestry]
  9134 | D:8      | Reached XP level 10. HP: 76/76 MP: 11/11
  9184 | D:8      | 9184 ||| Stepping ~*~*~tactically~*~*~ (stealth).
  9187 | D:8      | 9187 ||| Stepping ~*~*~tactically~*~*~ (stealth).
  9240 | D:8      | 9240 ||| READING scroll of enchant weapon.
  9240 | D:8      | 9240 ||| ENCHANTING +1 broad axe.
  9270 | D:8      | Noticed Prince Ribbit
  9282 | D:8      | Killed Prince Ribbit
  9358 | D:8      | Identified the +0 chain mail of the Bespelled God {Int+5}
  9393 | D:8      | Found a hazy altar of Hepliaklqana.
  9433 | D:8      | Found a shimmering blue altar of Sif Muna.
  9528 | D:8      | Found the +2 cloak of the Thief {*Fog Slay-2 SInv Stlth+}
  9541 | D:8      | 9541 ||| UPGRADING to amulet of guardian spirit.
  9546 | D:8      | 9546 ||| DROPPING ring of magical power.
  9569 | D:9      | Reached skill level 3 in Throwing
  9708 | D:9      | 9708 ||| Stepping ~*~*~tactically~*~*~ (stealth).
  9768 | D:9      | 9768 ||| Stepping ~*~*~tactically~*~*~ (hiding).
  9771 | D:9      | 9771 ||| INVOKING Fiery Armour.
  9783 | D:9      | HP: 17/79 [gnoll sergeant/+0 spear of distortion (3)]
  9784 | D:9      | 9784 ||| READING 2 scrolls of teleportation.
  9784 | D:9      | HP: 1/79 [gnoll sergeant/+0 spear of distortion (16)]
  9788 | D:9      | Shot with an arrow by a centaur

Levels and vault maps discovered:
D:1:      dpeg_arrival_rhombus, layout_loops_ring, minmay_misc_feat_doors,
          minmay_worlds_worst_comb
D:2:      layout_basic
D:3:      layout_loops_cross, marbit_many_paths,
          ebering_ecumenical_altar_abandoned, kennysheep_decorative_pillar,
          hangedman_abyss_or_decor_stabs, uniq_terence, uniq_robin, uniq_natasha
D:4:      minmay_goblin_kobold_castle, layout_basic, minmay_circle_x
D:5:      layout_loops_cross
D:6:      layout_rooms, st_stairs_10, roderic_three_in_a_row, uniq_duvessa
D:7:      layout_loops_cross, lemuel_tele_altar, minmay_temple_entry_glass,
          uniq_menkaure, uniq_crazy_yiuf_cottage
D:8:      layout_cave_pools, nicolae_overflow_hidden_temple,
          mainiacjoe_overflow_surrounded_room, tso_metal_star,
          biasface_ghost_orc_armoury, uniq_prince_ribbit1
D:9:      layout_loops_ring, uniq_amaemon

Skill      XL: |  1  2  3  4  5  6  7  8  9 10 |
---------------+-------------------------------+-----
Axes           | 3 4 5 6 8 10 | 10.8
Dodging        | 1 |  1.0
Armour         | 2 3 4 5 6 7 |  7.0
Throwing       | 1 2 3 |  3.3
Fighting       | 4 5 6 7 |  7.2
Spellcasting   | |  1.0
Fire Magic     | |  2.6

Action                   |  1- 3 |  4- 6 |  7- 9 | 10-12 || total
-------------------------+-------+-------+-------+-------++-------
Melee: Hand axe          |   154 |   102 |     5 |       ||   261
       Punch             |     1 |     1 |     3 |       ||     5
       War axe           |       |       |   275 |       ||   275
       Touch             |       |       |    38 |     7 ||    45
       Broad axe         |       |       |    26 |    55 ||    81
Throw: Javelin           |       |       |    49 |    16 ||    65
       Boomerang         |       |       |       |     3 ||     3
Invok: Fiery Armour      |     1 |     1 |     5 |     1 ||     8
  Use: Scroll            |     6 |     3 |    11 |     2 ||    22
       Potion            |     2 |     1 |       |       ||     3
Armor: Robe              |    26 |       |       |       ||    26
       Chain mail        |     1 |     1 |       |       ||     2
       Gold dragon scale |       |    85 |   247 |    61 ||   393
Dodge: Dodged            |    75 |    10 |    51 |    16 ||   152

Table legend:
 A = Non-vault XP
 B = Vault XP
 C = Vault XP percentage of total XP
 D = Non-vault monster count
 E = Vault monster count
 F = Vault count percentage of total count
                 A         B        C        D         E       F
            +---------+---------+-------+---------+---------+-------
      Total |    6824 |    1325 |  16.3 |     178 |      92 |  34.1
            +---------+---------+-------+---------+---------+-------
        D:1 |      44 |      10 |  18.5 |      31 |       5 |  13.9
        D:2 |      57 |       0 |   0.0 |      18 |       0 |   0.0
        D:3 |     114 |     105 |  47.9 |      13 |      14 |  51.9
        D:4 |     386 |     412 |  51.6 |      13 |      65 |  83.3
        D:5 |     771 |       0 |   0.0 |      27 |       0 |   0.0
        D:6 |     811 |     374 |  31.6 |      19 |       6 |  24.0
        D:7 |    1328 |     169 |  11.3 |      22 |       1 |   4.3
        D:8 |    1592 |     255 |  13.8 |      18 |       1 |   5.3
        D:9 |    1721 |       0 |   0.0 |      17 |       0 |   0.0
            +---------+---------+-------+---------+---------+-------
